 Dungeon Crawl Stone Soup version 0.21-a0-271-ge7f0487 (webtiles) character file.

809 RKaid the Firebug (level 7, -11/57 HPs)
             Began as a Pale Draconian Fire Elementalist on Sept 15, 2017.
             Mangled by an ogre
             ... wielding a +0 giant club
              (21 damage)
             ... on level 3 of the Dungeon.
             The game lasted 00:21:53 (6227 turns).

RKaid the Firebug (DrFE)                            Turns: 6227, Time: 00:21:53

Health: -11/57     AC:  6    Str: 11    XL:     7   Next: 61%
Magic:  9/12       EV: 12    Int: 17    God:
Gold:   273        SH:  0    Dex: 11    Spells: 2/12 levels left

rFire    . . .     SeeInvis .   b - +2 short sword (drain)
rCold    . . .     Gourm    .   (no shield)
rNeg     . . .     Faith    .   (armour unavailable)
rPois    .         Spirit   .   (helmet restricted)
rElec    .         Reflect  .   (no cloak)
rCorr    .         Harm     .   (no gloves)
MR       .....                  (no boots)
Stlth    ++........             (no amulet)
HPRegen  0.19/turn              (no ring)
MPRegen  0.13/turn              (no ring)

@: no status effects
A: breathe steam, unfitting armour, cold-blooded, AC +6
a: Breathe Steam


You were on level 3 of the Dungeon.
You were not hungry.

You visited 1 branch of the dungeon, and saw 5 of its levels.

You collected 273 gold pieces.

Inventory:

Hand Weapons
 a - a +0 hunting sling
   (You found it on level 2 of the Dungeon)
 b - a +2 short sword of draining (weapon)
   (You took it off a kobold on level 3 of the Dungeon)
 h - a +0 great sword
   (You took it off an orc on level 2 of the Dungeon)
Missiles
 c - 30 sling bullets
Jewellery
 p - an uncursed amulet of faith {Faith, !P}
   (You found it on level 3 of the Dungeon)
Wands
 r - a wand of random effects (48/48)
   (You found it on level 3 of the Dungeon)
Scrolls
 i - a scroll of identify
 k - a scroll of teleportation
 u - 3 scrolls of recharging
Potions
 e - 2 potions of lignification {!q}
 g - 2 potions of might
 o - a potion of berserk rage {!q}
 t - a potion of flight {unknown}
 w - 2 potions of mutation {!q!q}
 A - a potion of haste {unknown}
Books
 f - a book of Flames
 y - a book of Maledictions
   (You found it on level 3 of the Dungeon)
Comestibles
 n - a bread ration


   Skills:
 + Level 3.5 Fighting
 - Level 1.7 Dodging
 - Level 1.7 Stealth
 + Level 3.3 Spellcasting
 * Level 5.1 Conjurations
 * Level 6.3 Fire Magic


You had 2 spell levels left.
You knew the following spells:

 Your Spells              Type           Power        Failure   Level  Hunger
a - Flame Tongue          Conj/Fire      ###..        1%          1    None
b - Throw Flame           Conj/Fire      ###...       2%          2    ##.....
c - Conjure Flame         Conj/Fire      ###.....     4%          3    ###....
s - Sticky Flame          Conj/Fire      ###.....     16%         4    ####...


Dungeon Overview and Level Annotations

Branches:
Dungeon (5/15)
 Temple: D:4-7

Altars:


Innate Abilities, Weirdness & Mutations

You can breathe blasts of scalding, opaque steam.
Your pale cyan-grey scales are hard. (AC +6)
You cannot fit into any form of body armour.
You are cold-blooded and may be slowed by cold attacks.


Message History

You can't see any susceptible monsters within range! (Use Z to cast anyway.) Unknown command.
You see here a howler monkey corpse.
You butcher the howler monkey corpse.
d - 3 chunks of flesh (gained 2)
Things that are here:
a dagger; a robe; the elf corpse of Dowan You butcher the elf corpse of Dowan.
d - 4 chunks of flesh (gained 1)
Things that are here:
a dagger; a robe; the elf skeleton of Dowan Some of the chunks of flesh in your inventory have rotted away.
Things that are here:
a short sword; a scale mail
There is a stone staircase leading up here.
You start resting.
A hound zombie comes into view.
You climb upwards.
There is a stone staircase leading down here.
You climb downwards.
The hound zombie bites you but does no damage.
The hound zombie barely misses you.
An ogre comes into view. It is wielding a giant spiked club.
There is a stone staircase leading up here.
The ogre moves out of view.
The hound zombie bites you but does no damage.
You climb upwards.
There is a stone staircase leading down here.
The ice beast hits you. The ice beast freezes you!
You feel yourself slow down.
* * * LOW HITPOINT WARNING * * *
The phantom blinks!
You barely miss the ice beast.
Your tail-slap misses the ice beast.
You feel yourself speed up.
The ice beast hits you but does no damage.
The ice beast barely misses you.
You barely miss the ice beast.
The ice beast hits you but does no damage.
You hit the ice beast. You drain the ice beast! The ice beast hits you.
* * * LOW HITPOINT WARNING * * *
The ice beast freezes you!
You feel yourself slow down.
* * * LOW HITPOINT WARNING * * *
You puncture the ice beast! You drain the ice beast!
The ice beast barely misses you. x2
You puncture the ice beast!
You kill the ice beast!
Your Conjurations skill increases to level 5!
You feel yourself speed up.
The phantom blinks!
You are too injured to fight recklessly!
You see here a leather armour.
You feel a little less mighty now.
i - 4 scrolls of identify (gained 1)
Things that are here:
a scale mail; a falchion
As you read the scroll of identify, it crumbles to dust.
w - 2 potions of mutation
As you read the scroll of identify, it crumbles to dust.
o - a potion of berserk rage
As you read the scroll of identify, it crumbles to dust.
r - a wand of random effects (48/48)
As you read the scroll of teleportation, it crumbles to dust.
You feel strangely unstable.
The phantom blinks!
Your surroundings suddenly seem different.
You are feeling hungry.
There is a stone staircase leading up, spattered with blood here.
You see here 3 arrows.
You climb upwards.
There is a stone staircase leading down, spattered with blood here.
You start resting.
Eating one of 3 chunks of flesh.
You eat one of the 3 chunks of flesh.
This raw flesh tastes terrible.
An ogre is nearby!
There is a stone staircase leading up here.
You climb upwards.
There is a stone staircase leading down here.
You start resting.
All of the chunks of flesh in your inventory have rotted away.
You climb downwards.
The ogre hits you with a giant club!!
There is a stone staircase leading up, spattered with blood here.
Casting: Flame Tongue
Confirm with . or Enter, or press ? or * to list all spells.
Aiming: Flame Tongue
Press: ? - help, Shift-Dir - straight line, f - ogre
Aim: an ogre, wielding a giant club The flame tongue hits the ogre.
The ogre hits you with a giant club!!
* * * LOW HITPOINT WARNING * * *
Casting: Flame Tongue
Confirm with . or Enter, or press ? or * to list all spells.
Aiming: Flame Tongue
Press: ? - help, Shift-Dir - straight line, f/p - ogre
Aim: an ogre, wielding a giant club (lightly wounded)
The flame tongue hits the ogre.
The ogre misses you.
Casting: Flame Tongue
Confirm with . or Enter, or press ? or * to list all spells.
Aiming: Flame Tongue
Press: ? - help, Shift-Dir - straight line, f/p - ogre
Aim: an ogre, wielding a giant club (heavily wounded)
The flame tongue hits the ogre.
The ogre appears unharmed.
The ogre hits you with a giant club!!
You die...

#...#.#..........................
#####.#..........................
#.#..........................
#.#..........................
#.#..........................
#.#..........................
#####.#..........................
......#..........................
#######.........@................
#..........O...............
#..........................
#.########.##########..###. #.#
#.# #...... #.# #.# #.#.... #.#
#.# #.#.... #.# #.########
#.#.... #.########........#
#.#....


You could see an ogre.

Vanquished Creatures
  Duvessa (D:5)
  An ice beast (D:4)
  The ghost of JackS81 the Changer, an amateur DsTm (D:3)
  Dowan (D:5)
  A howler monkey (D:5)
  A hound (D:5)
  2 orc priests (D:4)
  2 orc wizards (D:3)
  3 worker ants
  5 gnolls
  11 adders
  4 worms
  2 dart slugs
  A leopard gecko (D:2)
  8 orcs
  A ball python (D:2)
  9 bats
  2 giant cockroaches
  10 goblins
  5 hobgoblins
  9 kobolds
  A quokka (D:4)
  3 frilled lizards
  2 leopard gecko zombies (D:5)
  2 rats (D:3)
88 creatures vanquished.

Notes
Turn   | Place    | Note
-------+----------+-------------------------------------------
     0 | D:1      | RKaid the Draconian Fire Elementalist began the quest for the Orb.
     0 | D:1      | Reached XP level 1. HP: 14/14 MP: 3/3
   253 | D:1      | Reached XP level 2. HP: 17/20 MP: 0/5
   840 | D:2      | Reached skill level 2 in Conjurations
   948 | D:2      | Reached XP level 3. HP: 25/27 MP: 4/6
  1212 | D:2      | Reached skill level 1 in Fighting
  1263 | D:2      | Learned a level 2 spell: Throw Flame
  1267 | D:2      | Learned a level 3 spell: Conjure Flame
  2116 | D:2      | Reached XP level 4. HP: 32/35 MP: 3/7
  2488 | D:3      | Noticed JackS81's ghost (amateur DsTm)
  2534 | D:3      | HP: 6/36 [JackS81's ghost (8)]
  2535 | D:3      | HP: 1/36 [JackS81's ghost (5)]
  2949 | D:3      | Found a faded altar of an unknown god.
  3012 | D:3      | Reached skill level 2 in Fighting
  3012 | D:3      | Reached skill level 3 in Conjurations
  3084 | D:3      | Killed JackS81's ghost
  3084 | D:3      | Reached skill level 4 in Fire Magic
  3084 | D:3      | Reached XP level 5. HP: 22/41 MP: 0/9
  3985 | D:4      | Noticed a phantom
  4025 | D:4      | Noticed a centaur
  4026 | D:4      | Reached XP level 6. HP: 45/50 MP: 10/10
  4384 | D:4      | Reached skill level 4 in Conjurations
  4489 | D:4      | Learned a level 4 spell: Sticky Flame
  4495 | D:4      | Noticed an ice beast
  4629 | D:4      | Reached skill level 3 in Spellcasting
  4660 | D:4      | HP: 12/50 [centaur/arrow (7)]
  4665 | D:3      | HP: 9/50 [poisoned by an adder]
  4667 | D:3      | HP: 4/50 [worker ant (5)]
  4672 | D:3      | HP: 1/50 [poisoned by a worker ant]
  4677 | D:3      | Reached skill level 5 in Fire Magic
  4679 | D:3      | HP: 7/50 [worker ant (1)]
  4931 | D:3      | HP: 5/50 [orc/great sword (16)]
  5307 | D:4      | HP: 10/50 [centaur/arrow (10)]
  5666 | D:5      | Entered Level 5 of the Dungeon
  5685 | D:5      | Reached skill level 3 in Fighting
  5693 | D:5      | Your scales start taking on a pale cyan-grey colour.
  5693 | D:5      | Reached XP level 7. HP: 43/57 MP: 7/11
  5837 | D:5      | Noticed Duvessa
  5852 | D:5      | Killed Duvessa
  5873 | D:5      | Noticed Dowan
  5894 | D:5      | Killed Dowan
  5894 | D:5      | Reached skill level 6 in Fire Magic
  5925 | D:4      | HP: 14/57 [ice beast (13)]
  5929 | D:4      | HP: 1/57 [ice beast (11)]
  5931 | D:4      | Reached skill level 5 in Conjurations
  6225 | D:3      | HP: 9/57 [ogre/giant club (24)]
  6227 | D:3      | Mangled by an ogre

Vault maps used:
D:1:      eino_arrival_tree_alley, minmay_misc_feat_more_columns,
          solitary_fountain
D:2:      first_bread, minmay_misc_feat_four_crosses
D:3:      minmay_wonky_spiral, chequers_ecumenical_altar_island, minmay_unequal
D:4:      serial_forest, infiniplex_forest_clump_long,
          infiniplex_forest_diagonal, infiniplex_forest_clump_small,
          infiniplex_forest_lined_corner, infiniplex_forest_straight_4,
          infiniplex_forest_clump_diagonal, infiniplex_forest_clump_curved
D:5:      fountainhead, uniq_duvessa

Skill      XL: |  1  2  3  4  5  6  7 |
---------------+----------------------+-----
Conjurations   | 2 3 4 5 |  5.1
Fighting       | 1 2 3 |  3.5
Fire Magic     | 4 5 6 |  6.3
Spellcasting   | 3 |  3.3
Dodging        | |  1.7
Stealth        | |  1.7

Action                   |  1- 3 |  4- 6 |  7- 9 || total
-------------------------+-------+-------+-------++-------
Melee: Unarmed           |    17 |       |       ||    17
       Tailslap          |     1 |     8 |     2 ||    11
       Short sword       |       |    61 |    26 ||    87
 Fire: Hunting sling     |    13 |    31 |       ||    44
 Cast: Flame Tongue      |    68 |   102 |    18 ||   188
       Conjure Flame     |       |       |     1 ||     1
 Abil: Breathe Steam     |       |       |     1 ||     1
  Use: Scroll            |       |    11 |     4 ||    15
       Potion            |       |     4 |     2 ||     6
 Stab: Sleeping          |       |     1 |       ||     1
  Eat: Chunk             |     5 |     1 |     1 ||     7
       Bread ration      |       |     2 |       ||     2
       Royal jelly       |       |       |     1 ||     1
Armor: Skin              |     9 |    33 |    14 ||    56
Dodge: Dodged            |    36 |    95 |    22 ||   153

Table legend:
 A = Spawn XP
 B = Non-spawn XP
 C = Spawn XP percentage of total XP
 D = Spawn monster count
 E = Non-spawn monster count
 F = Spawn count percentage of total count
 G = Total turns spent on level
                    A         B        C        D         E        F      G
               +---------+---------+-------+---------+---------+-------+---------
         Total |       0 |    1157 |   0.0 |       0 |      88 |   0.0 |  6227
               +---------+---------+-------+---------+---------+-------+---------
           D:1 |       0 |      31 |   0.0 |       0 |       8 |   0.0 |   899
           D:2 |       0 |     114 |   0.0 |       0 |      23 |   0.0 |  2289
           D:3 |       0 |     366 |   0.0 |       0 |      35 |   0.0 |  2241
           D:4 |       0 |     286 |   0.0 |       0 |      13 |   0.0 |   544
           D:5 |       0 |     360 |   0.0 |       0 |       9 |   0.0 |   254
               +---------+---------+-------+---------+---------+-------+---------

Table legend:
 A = Turns spent in this place as a percentage of turns spent in the entire game.
 B = Non-inter-level travel turns spent in this place as a percentage of non-inter-level travel turns spent in the entire game.
 C = Inter-level travel turns spent in this place as a percentage of turns spent in this place.
 D = Turns resting spent in this place as a percentage of non-inter-level travel turns spent in this place.
 E = Turns spent auto-exploring this place as a percentage of non-inter-level travel turns spent in this place.
 F = Non-inter-level travel turns spent in this place divided by the number of levels of this place that you've seen.
                   A       B       C       D       E      F
               +-------+-------+-------+-------+-------+----------------------
         Total | 100.0 | 100.0 |   4.8 |  46.1 |  27.2 | 1185.4
       Dungeon | 100.0 | 100.0 |   4.8 |  46.1 |  27.2 | 1185.4
               +-------+-------+-------+-------+-------+----------------------

Table legend:
 A = Kills in this place as a percentage of kills in entire the game.
 B = Kills by you in this place as a percentage of kills by you in the entire game.
 C = Kills by friends in this place as a percentage of kills by friends in the entire game.
 D = Other kills in this place as a percentage of other kills in the entire game.
 E = Experience gained in this place as a percentage of experience gained in the entire game.
 F = Experience gained in this place divided by the number of levels of this place that you have seen.
                   A       B       C       D       E      F
               +-------+-------+-------+-------+-------+----------------------
         Total | 100.0 | 100.0 |   N/A |   N/A | 100.0 | 231.4
       Dungeon | 100.0 | 100.0 |   N/A |   N/A | 100.0 | 231.4
               +-------+-------+-------+-------+-------+----------------------
